 Dungeon Crawl Stone Soup version 0.32-a0-656-g3542139ebd (webtiles) character file.

Game seed: 18353293988204302878

103 Frost42 the Covered (level 4, 0/40 HPs)
             Began as a Mountain Dwarf Fighter on Mar 8, 2024.
             Constricted to death by a ball python (1 damage)
             ... on level 3 of the Dungeon.
             The game lasted 00:14:40 (3070 turns).

Frost42 the Covered (Mountain Dwarf Fighter)        Turns: 3070, Time: 00:14:42

Health: 0/40       AC:  7    Str: 20    XL:     4   Next: 51%
Magic:  4/4        EV:  0    Int:  9    God:
Gold:   72         SH:  4    Dex:  9    Spells: 3/3 levels left

rFire   . . .        p - +4 short sword (speed)
rCold   . . .        c - +0 buckler
rNeg    . . .        b - +0 scale mail
rPois   .            (no helmet)
rElec   .            (no cloak)
rCorr   .            (no gloves)
SInv    .            (no boots)
Will    .....        (no amulet) Stlth
                     (no ring)
HPRegen 0.26/turn    (no ring)
MPRegen 0.09/turn

%: no passive effects
@: on fire, glowing, constricted
A: runic magic, artefact enchanting
a: no special abilities


You were on level 3 of the Dungeon.
You visited 1 branch of the dungeon, and saw 3 of its levels.

You collected 72 gold pieces.

Inventory:

Hand Weapons
 i - a +0 whip of freezing
 m - a +0 dagger of venom
 p - a +4 short sword of speed (weapon)
Missiles
 g - 12 stones (quivered)
 q - 5 javelins
Armour
 b - a +0 scale mail (worn)
 c - a +0 buckler (worn)
Magical Staves
 k - a staff of air
Scrolls
 a - 2 scrolls of identify {unknown}
 j - a scroll of blinking {unknown}
 s - a scroll of teleportation
Potions
 d - a potion of might
 e - a potion of berserk rage {unknown}
 f - a potion of brilliance {unknown}
 h - a potion of attraction {unknown}
 l - a potion of invisibility {unknown}
 n - 2 potions of curing {unknown}
 o - 2 potions of enlightenment {unknown}
 r - a potion of haste {unknown}


   Skills:
 * Level 3.8 Fighting
 * Level 1.0 Short Blades
 - Level 3.4 Axes
 - Level 0.3(2.1) Maces & Flails
 * Level 4.1 Armour
 + Level 0.4 Dodging
 + Level 3.7 Shields


You had 3 spell levels left.
You didn't know any spells.
Your spell library contained the following spells:

 Spells                   Type           Power      Damage    Failure   Level
 Summon Small Mammal      Summ           0%         N/A       54%         1
 Lesser Beckoning         Tloc           0%         N/A       67%         2
 Call Canine Familiar     Summ           0%         N/A       88%         3
 Gell's Gravitas          Tloc           0%         N/A       88%         3
 Teleport Other           Tloc           0%         N/A       88%         3
 Summon Blazeheart Golem  Fire/Summ      0%         N/A       99%         4


Dungeon Overview and Level Annotations

Branches:
Dungeon (3/15)

Altars:
Makhleb

Shops:
D:1 [=(?


Innate Abilities, Weirdness & Mutations

Your spellcasting is much less encumbered by armour.
You can use scrolls of enchantment on lesser artefacts.


Message History

The ball python grabs you. The ball python constricts you.
You closely miss the bombardier beetle.
The bombardier beetle is almost dead.
The liquid fire burns you! The ball python bites you.
The ball python constricts you. The bombardier beetle bites you.
You hit the bombardier beetle.
The bombardier beetle is almost dead.
The liquid fire burns you!
The ball python bites you but does no damage.
The ball python constricts you.
You hit the bombardier beetle.
You kill the bombardier beetle!
The liquid fire burns you! You block the ball python's attack.
The ball python constricts you.
Your Short Blades skill increases to level 1!
Your Armour skill increases to level 4!
The ball python's grasp on you weakens, but your attempt to escape fails.
The liquid fire burns you!
The ball python bites you but does no damage.
The ball python constricts you.
The ball python's grasp on you weakens, but your attempt to escape fails.
The liquid fire burns you!
* * * LOW HITPOINT WARNING * * *
The ball python bites you.
* * * LOW HITPOINT WARNING * * *
The ball python constricts you.
You escape the ball python's grasp.
You shake off some of the fire as you move.
The liquid fire burns you!
* * * LOW HITPOINT WARNING * * *
You see here a +0 leather armour.
You shake off some of the fire as you move.
The liquid fire burns you!
* * * LOW HITPOINT WARNING * * *
The ball python bites you but does no damage.
You block the ball python's attack. The ball python bites you.
* * * LOW HITPOINT WARNING * * *
The ball python grabs you. The ball python constricts you.
You die...

#########
........#
........#
........####
...........#
......S[# ###
#######@# ...#
### #.# # #..#
#.# #.# .##.
#.. #.# #.#
#....## #.. #.#
#.# ...
....##.. #.#
#.# ..# #.....
#.# #.###.#
##.<
#.###.....# #..
#.##....#######
#..


You could see a ball python.

Vanquished Creatures
  A bombardier beetle (D:3)
  2 adders
  2 dart slugs
  An orc (D:3)
  3 endoplasms (D:3)
  3 giant cockroaches (D:1)
  6 goblins
  9 hobgoblins
  3 kobolds (D:2)
  2 ball pythons (D:1)
  3 bats
  3 frilled lizards
  6 rats
44 creatures vanquished.

Notes
Turn   | Place    | Note
-------+----------+-------------------------------------------
     0 | D:1      | Frost42 the Mountain Dwarf Fighter began the quest for the
                  | Orb.
     0 | D:1      | Reached XP level 1. HP: 19/19 MP: 1/1
    62 | D:1      | Found a faded altar of an unknown god.
   122 | D:1      | Found Taosug's Magic Scroll Boutique.
   145 | D:1      | Found Tiuponk's Book Emporium.
   145 | D:1      | Noticed a walking frostbound tome
   147 | D:1      | Noticed a walking earthen tome
   371 | D:1      | Found Huweyd Huta's Armour Shoppe.
   380 | D:1      | Reached XP level 2. HP: 26/26 MP: 2/2
   534 | D:1      | Found Oreugood's Jewellery Shoppe.
   550 | D:1      | Found Nicyofih's Weapon Emporium.
  1448 | D:2      | Reached XP level 3. HP: 18/31 MP: 3/3
  2206 | D:3      | Found a burning altar of Makhleb.
  2825 | D:3      | Reached XP level 4. HP: 32/39 MP: 4/4
  3067 | D:3      | Reached skill level 1 in Short Blades
  3067 | D:3      | Reached skill level 4 in Armour
  3070 | D:3      | HP: 1/40 [ball python (2)]
  3070 | D:3      | Constricted to death by a ball python

Illustrated notes

Levels and vault maps discovered:
D:1:      dpeg_arrival_houses_and_road, layout_loops_ring, serial_shops,
          nicolae_shop_window_shopping, shop, nicolae_shop_mannequins, shop,
          nicolae_shop_window_shopping, basic_ecumenical_altar
D:2:      layout_loops_ring
D:3:      layout_rooms, bloody_makhleb

Skill      XL: |  1  2  3  4 |
---------------+-------------+-----
Axes           | 3 |  3.4
Short Blades   | 1 |  1.0
Armour         | 4 |  4.1
Fighting       | |  3.8
Maces & Flails | |  0.3
Dodging        | |  0.4
Shields        | |  3.7

Action                     |  1- 3 |  4- 6 || total
---------------------------+-------+-------++-------
  Melee: War axe           |    51 |       ||    51
         Whip              |    40 |       ||    40
         Short sword       |    41 |    14 ||    55
  Throw: Stone             |    10 |       ||    10
    Use: Scroll            |     1 |       ||     1
 Armour: Scale mail        |   127 |    16 ||   143
  Dodge: Dodged            |    64 |     7 ||    71
  Block: Buckler           |    32 |     4 ||    36

Table legend: (Time is in decaauts)
 A = Elapsed time spent in this place.
 B = Non-inter-level travel time spent in this place.
 C = Inter-level travel time spent in this place.
 D = Time resting spent in this place.
 E = Time spent auto-exploring this place.
 F = Levels seen in this place.
 G = Mean time per level.
                   A        B        C        D        E       F      G
               +--------+--------+--------+--------+--------+-----+--------+
         Total |   3077 |   2421 |    656 |      0 |    488 |   3 | 1025.7 |
       Dungeon |   3077 |   2421 |    656 |      0 |    488 |   3 | 1025.7 |
               +--------+--------+--------+--------+--------+-----+--------+

Top non-repeatable levels by time:
     D:1: 1383 daAuts
     D:2: 1170 daAuts
     D:3: 523 daAuts
